Map: [ESL] Oceanborn

Players

Astrea

  • Race: Protoss Protoss
  • Spawn Location: 5:00

Spirit - Winner!

  • Race: Terran Terran
  • Spawn Location: 11:00

Event: ESL Spring 2024 Finals

VOD

Have the link to the VOD?

Description

Time

  • Played on: June 1, 2024, 1:31 p.m.
  • Length: 13:16

All games in this series

Show
View Real Time Build Order
Export as new Build Order

Astrea Protoss 

Build Orders: 1 Gate Expand, Blink Stalkers, Zealot Archon 

Get SALT Encoding   

  12  0:00  Probe  
  13  0:12  Probe  
  14  0:17  Pylon  
  14  0:24  Probe (Chrono Boost)  
  16  0:35  Gateway  
  16  0:36  Probe (Chrono Boost)  
  16  0:42  Probe (Chrono Boost)  
  16  0:44  Assimilator  
  17  0:51  Probe  
  18  1:03  Probe  
  19  1:15  Probe  
  20  1:22  Nexus  
  20  1:31  Cybernetics Core  
  20  1:34  Probe  
  21  1:41  Assimilator  
  21  1:46  Probe  
  22  1:53  Pylon  
  22  1:58  Probe  
  23  2:07  Warp Gate, Probe  
  23  2:08  Adept (Chrono Boost)  
  26  2:15  Probe  
  26  2:16  Twilight Council  
  27  2:25  Probe  
  28  2:31  Stalker  
  28  2:35  Probe  
  31  2:41  Probe  
  32  2:45  Blink (Chrono Boost)  
  32  2:47  Probe  
  33  2:53  Probe  
  34  2:59  Probe  
  34  3:05  Probe  
  36  3:06  Gateway  
  36  3:10  Stalker  
  36  3:12  Probe  
  39  3:23  Probe  
  38  3:27  Probe  
  38  3:31  Robotics Facility  
  39  3:35  Probe  
  39  3:39  Shield Battery  
  39  3:40  Probe  
  41  3:45  Assimilator  
  41  3:47  Assimilator, Probe  
  42  3:49  Pylon  
  42  3:52  Probe  
  42  3:55  Stalker  
  45  3:59  Probe  
  46  4:02  Pylon  
  46  4:07  Stalker, Probe  
  49  4:11  Probe  
  49  4:16  Pylon  
  50  4:18  Observer  
  50  4:19  Stalker, Probe  
  54  4:24  Probe  
  54  4:27  Shield Battery  
  54  4:29  Gateway  
  55  4:31  Templar Archives  
  55  4:35  Charge (Chrono Boost)  
  55  4:36  Probe  
  56  4:41  Stalker  
  58  4:50  Observer  
  59  4:54  Stalker  
  60  5:10  Probe  
  60  5:13  Probe  
  60  5:14  Nexus, Psionic Storm  
  62  5:16  Pylon  
  62  5:23  Probe  
  62  5:28  Observer, Probe  
  64  5:36  Probe  
  64  5:43  High Templar  
  64  5:45  Gateway  
  64  5:46  Gateway  
  64  5:48  Observer  
  66  5:50  Gateway  
  66  5:57  Zealot, High Templar  
  68  5:59  Shield Battery  
  70  6:05  Pylon  
  70  6:13  Probe x2  
  70  6:15  High Templar  
  74  6:20  Zealot  
  74  6:23  Immortal (Chrono Boost)  
  74  6:25  Probe x2  
  82  6:29  Zealot  
  84  6:38  Probe  
  85  6:40  High Templar, Probe  
  85  6:41  Zealot x2  
  85  6:44  Archon  
  85  6:45  Shield Battery  
  92  6:48  Zealot x2  
  94  7:00  Observer  
  89  7:02  Zealot x3  
  89  7:07  Probe x3  
  101  7:11  Warp Prism (Chrono Boost)  
  99  7:17  Forge  
  99  7:18  Pylon  
  99  7:19  Probe  
  99  7:20  Probe  
  101  7:25  Pylon  
  101  7:36  Nexus, Probe x3 (Chrono Boost)  
  104  7:41  Protoss Ground Weapons Level 1 (Chrono Boost)  
  104  7:48  Probe x3 (Chrono Boost)  
  107  7:52  Stargate  
  107  7:53  Assimilator x2  
  107  7:56  Probe x2 (Chrono Boost)  
  107  7:57  Probe (Chrono Boost)  
  110  7:59  High Templar x3  
  110  8:02  Probe  
  110  8:04  Pylon  
  117  8:07  Pylon  
  117  8:19  Protoss Air Weapons Level 1  
  117  8:22  Probe x3, Immortal (Chrono Boost)  
  117  8:24  Pylon  
  124  8:34  Forge, Probe  
  124  8:39  Pylon  
  125  8:42  Probe  
  125  8:44  Probe  
  125  8:45  Zealot x5  
  125  8:46  Probe  
  125  8:48  Assimilator  
  138  8:50  Assimilator  
  136  9:01  Observer  
  136  9:03  Probe x2  
  136  9:08  Probe, Photon Cannon  
  139  9:10  Shield Battery, Protoss Ground Armor Level 1 (Chrono Boost)  
  139  9:15  Fleet Beacon, Probe  
  140  9:20  Observer (Chrono Boost)  
  141  9:24  Protoss Ground Weapons Level 2 (Chrono Boost)  
  141  9:26  High Templar, Photon Cannon  
  141  9:29  Stargate  
  143  9:31  Stargate  
  143  9:33  Observer (Chrono Boost)  
  143  9:38  Probe x3  
  147  9:40  Pylon  
  147  9:53  Shield Battery  
  147  9:55  Immortal  
  147  9:56  Pylon  
  147  9:59  Photon Cannon  
  149  10:01  Zealot x5  
  151  10:17  Zealot  
  151  10:21  Nexus  
  151  10:23  Observer  
  157  10:29  Mothership (Chrono Boost), High Templar x2  
  161  10:39  Observer  
  161  10:46  Observer  
  160  10:52  Pylon  
  160  10:56  Cybernetics Core, Pylon  
  160  10:58  Pylon  
  160  11:04  Protoss Air Weapons Level 2 (Chrono Boost)  
  172  11:11  Carrier (Chrono Boost)  
  172  11:17  Carrier x2 (Chrono Boost), Immortal  
  172  11:18  Photon Cannon  
  182  11:20  Shield Battery  
  182  11:22  Pylon  
  182  11:23  High Templar x3  
  188  11:39  Zealot x3  
  180  11:41  Archon  
  150  11:58  Zealot x3  
  150  12:00  Archon  
  159  12:08  Carrier  
  171  12:19  Zealot x5  
  179  12:35  Zealot  
  171  12:40  Stalker x5  
  128  13:11  Zealot  
Show
View Real Time Build Order
Export as new Build Order

Spirit Terran - Winner!

Build Orders: Cyclone Opening, Gas First Reaper Expand 

Get SALT Encoding   

  12  0:00  SCV  
  13  0:12  SCV  
  14  0:17  Supply Depot  
  14  0:24  SCV  
  14  0:27  Refinery  
  15  0:38  SCV  
  16  0:44  Barracks  
  16  0:50  SCV  
  17  1:02  SCV  
  18  1:14  SCV  
  19  1:31  Orbital Command, Reaper  
  20  1:44  Command Center  
  20  1:54  Factory  
  20  1:57  SCV  
  21  2:04  Supply Depot  
  21  2:06  Barracks Reactor  
  21  2:10  SCV  
  22  2:15  Refinery  
  22  2:22  SCV  
  23  2:34  SCV  
  24  2:43  Cyclone, Marine x2  
  27  2:46  SCV  
  27  2:51  Starport  
  28  2:58  SCV  
  29  3:01  Marine x2  
  31  3:10  SCV  
  31  3:12  Orbital Command  
  32  3:18  Widow Mine  
  33  3:20  Marine  
  33  3:22  SCV  
  33  3:24  Marine  
  36  3:27  Medivac  
  36  3:33  Barracks  
  38  3:34  Supply Depot  
  38  3:36  SCV  
  38  3:38  Marine  
  40  3:42  Widow Mine  
  40  3:45  SCV  
  43  3:50  SCV  
  43  3:51  Supply Depot  
  44  3:57  Marine  
  44  3:58  SCV  
  44  4:00  Liberator  
  49  4:03  SCV  
  49  4:04  Factory Tech Lab  
  49  4:08  Marine  
  51  4:10  SCV  
  51  4:15  SCV  
  53  4:18  Engineering Bay  
  53  4:22  SCV, Siege Tank  
  53  4:24  Barracks Tech Lab, Marine  
  57  4:26  Marine  
  57  4:29  SCV  
  60  4:32  Supply Depot  
  60  4:34  SCV  
  60  4:38  Bunker  
  61  4:42  Marine, Stimpack  
  62  4:51  Marine  
  62  4:52  Supply Depot  
  62  4:53  SCV, Marine  
  62  4:57  Bunker  
  63  5:00  SCV, Marine  
  63  5:06  SCV  
  69  5:07  Siege Tank  
  69  5:08  Marine  
  69  5:11  Marine  
  69  5:12  SCV  
  66  5:17  Supply Depot, Marine, Refinery  
  66  5:19  Medivac  
  66  5:20  SCV  
  70  5:24  SCV  
  70  5:25  Supply Depot  
  70  5:26  Marine  
  72  5:29  Marine  
  72  5:32  SCV  
  72  5:34  Supply Depot  
  74  5:35  Marine, Refinery  
  74  5:36  SCV  
  74  5:40  Siege Tank  
  79  5:44  SCV  
  79  5:46  Marine  
  79  5:48  Supply Depot, SCV  
  82  5:54  Marine  
  82  5:57  SCV  
  84  5:58  Starport Reactor  
  84  6:03  Barracks  
  84  6:05  Terran Infantry Weapons Level 1  
  84  6:07  Marine x2  
  84  6:10  SCV  
  87  6:17  Command Center  
  87  6:19  SCV  
  87  6:22  Combat Shield  
  87  6:25  Factory Reactor  
  88  6:26  Marine  
  88  6:27  Marauder  
  88  6:31  SCV  
  92  6:33  SCV  
  92  6:39  Barracks  
  86  6:40  Barracks  
  86  6:43  SCV  
  86  6:44  Marine  
  87  6:48  Marauder, Medivac  
  87  6:49  Medivac  
  87  6:50  SCV  
  87  6:54  Supply Depot  
  94  6:55  SCV  
  94  6:58  Barracks Tech Lab  
  94  6:59  Marine  
  95  7:02  SCV  
  95  7:07  SCV  
  95  7:08  Marine  
  95  7:10  Marauder  
  95  7:14  SCV  
  98  7:18  Supply Depot, Medivac  
  98  7:19  Concussive Shells, SCV, Bunker x2, Medivac  
  98  7:21  Widow Mine x2  
  107  7:26  SCV  
  109  7:31  Marauder  
  109  7:32  SCV  
  109  7:34  Marine  
  109  7:35  Ghost Academy, Marauder  
  114  7:38  Barracks Tech Lab  
  114  7:39  SCV  
  114  7:44  SCV  
  116  7:48  Viking x2  
  116  7:51  SCV  
  121  7:52  Marauder  
  121  7:53  Supply Depot  
  121  7:55  Supply Depot  
  121  7:58  Refinery  
  123  7:59  Widow Mine x2  
  123  8:01  Orbital Command  
  123  8:02  Refinery  
  123  8:05  SCV  
  128  8:08  Terran Infantry Armor Level 1  
  128  8:09  SCV  
  128  8:17  Supply Depot  
  128  8:18  Supply Depot x2, SCV  
  129  8:21  SCV, Widow Mine x2  
  129  8:25  Ghost x2  
  138  8:29  SCV  
  138  8:36  Engineering Bay, Armory  
  138  8:37  Marauder  
  138  8:38  Marauder  
  142  8:42  SCV, Widow Mine x2  
  142  8:43  Supply Depot  
  142  8:46  Supply Depot  
  146  8:53  Ghost x2  
  146  8:55  Marine x2  
  148  8:58  Marine  
  148  8:59  Marauder, Medivac  
  151  9:06  Medivac  
  153  9:11  Command Center  
  153  9:13  Marine x2  
  153  9:16  Ghost  
  157  9:20  Marauder  
  157  9:22  Marine  
  157  9:23  Marauder  
  162  9:24  Supply Depot, Missile Turret  
  162  9:25  Sensor Tower  
  162  9:26  SCV  
  162  9:30  Marine, Terran Infantry Weapons Level 2  
  164  9:35  Medivac  
  166  9:38  Marine  
  166  9:41  Marauder  
  166  9:46  Marine  
  166  9:47  Marauder  
  166  9:50  Medivac  
  166  9:51  SCV  
  172  9:54  Marine  
  172  9:55  Marauder  
  175  10:03  SCV, Marine  
  181  10:11  Medivac  
  181  10:13  Marine  
  181  10:16  Barracks  
  181  10:17  Barracks  
  181  10:18  Barracks  
  181  10:20  Ghost  
  181  10:21  Marine, Ghost x2  
  154  10:24  SCV  
  154  10:25  Marauder  
  154  10:27  SCV x2  
  162  10:29  Terran Infantry Armor Level 2  
  162  10:31  Marine  
  162  10:34  Widow Mine x2  
  167  10:36  SCV  
  167  10:39  SCV, Marine  
  170  10:46  Marauder  
  170  10:48  Marine  
  170  10:49  Ghost  
  173  10:50  Marauder, Viking x2  
  173  10:53  Refinery  
  173  10:54  Refinery  
  173  10:56  Marine  
  180  10:57  Planetary Fortress, Marine  
  180  11:00  SCV  
  182  11:04  Barracks Tech Lab x2  
  182  11:06  Barracks Tech Lab, Marine  
  183  11:14  Command Center  
  183  11:16  Marine, Marauder  
  183  11:17  Fusion Core  
  186  11:18  Marine  
  186  11:20  Marauder  
  186  11:23  Viking  
  191  11:26  Viking  
  191  11:38  Marauder x6  
  191  11:39  Marine  
  200  11:43  Marine  
  200  11:46  Ghost  
  193  11:56  Marine  
  193  11:58  Ghost  
  193  11:59  Marine, Marauder  
  193  12:01  Marine  
  199  12:07  Ghost  
  197  12:09  Viking x2  
  197  12:20  Starport  
  197  12:22  Starport x2  
  195  12:26  Marine x5  
  200  12:39  Marine  
  200  12:41  Marine x3  
  200  12:44  Marine x4  
  195  12:51  Marine  
  195  12:57  Marine  
Tags
 
Add a new tag
Caveats
  • Supply blocks, unpowered buildings, or Contaminate may cause inaccurate times.
  • Supply counts are checked every 10 seconds.